 Dungeon Crawl Stone Soup version 0.18-a0-1186-gd02dc51 (webtiles) character file.

3753 Kidiri the Destroyer (level 9, -7/38 (39) HPs)
             Began as a Deep Elf Conjurer on Jan 28, 2016.
             Was an Initiate of Vehumet.
             Hit by a large rock thrown by a cyclops (27 damage)
             ... on level 6 of the Dungeon.
             The game lasted 00:34:26 (12358 turns).

Kidiri the Destroyer (Deep Elf Conjurer)           Turns: 12358, Time: 00:34:26

HP:   -7/38 (39)    AC:  6    Str:  3    XL:     9   Next: 93%
MP:   18/22         EV: 16    Int: 24    God:    Vehumet [......]
Gold: 300           SH:  0    Dex: 15    Spells: 8 memorised, 1 level left

rFire  . . .     SeeInvis .     m - +3 quarterstaff (chaos)
rCold  + . .     Gourm    .     i - +2 robe {rC+}
rNeg   . . .     Faith    .     (shield currently unavailable)
rPois  .         Spirit   .     (no helmet)
rElec  .         Dismiss  .     z - +1 cloak
rCorr  +         Reflect  .     B - +0 pair of gloves
SustAt .         Harm     .     (no boots)
MR     .....                    (no amulet)
Stlth  +++.......               (no ring)
                                f - ring of resist corrosion

@: not resistant to hostile enchantments, fairly stealthy
A: hooves 1, deformed body, frail 2, regeneration 1, weak 1
a: Renounce Religion


You were on level 6 of the Dungeon.
You worshipped Vehumet.
Vehumet was noncommittal.
You were hungry.

You visited 2 branches of the dungeon, and saw 7 of its levels.

You collected 300 gold pieces.

Inventory:

Hand Weapons
 d - a +2 dagger of electrocution
 m - a +3 quarterstaff of chaos (weapon)
 y - a +2 dagger of protection
Missiles
 k - a large rock
Armour
 h - a +0 leather armour
 i - a +2 robe of cold resistance (worn)
 n - a +0 buckler
 w - a +0 helmet
 z - a +1 cloak (worn)
 B - a +0 pair of gloves (worn)
Jewellery
 f - a ring of resist corrosion (left hand)
Wands
 C - a wand of frost (32/48)
Scrolls
 j - 2 scrolls of amnesia
 l - 2 scrolls of enchant armour
 p - 3 scrolls of enchant weapon
 x - a scroll of fog
 A - a scroll of remove curse
Potions
 e - 6 potions of curing
 g - 2 potions of lignification
 q - a potion of ambrosia
 r - 2 potions of flight
 t - 3 potions of heal wounds
 u - a potion of resistance
 v - 2 potions of brilliance
Books
 b - a book of Conjurations

   Spells                             Type                      Level
   a - Magic Dart                     Conjuration                  1
   b - Searing Ray                    Conjuration                  2
   c - Dazzling Spray                 Conjuration/Hexes            3
   d - Fulminant Prism                Conjuration/Hexes            4
   e - Iskenderun's Mystic Blast      Conjuration                  4
   f - Iskenderun's Battlesphere      Conjuration/Charms           5
 s - a book of Spatial Translocations

   Spells                             Type                      Level
   a - Apportation                    Translocation                1
   b - Blink                          Translocation                2
   c - Shroud of Golubria             Charms/Translocation         2
   d - Portal Projectile              Translocation                3
   e - Teleport Other                 Translocation                3
   f - Passage of Golubria            Translocation                4
Comestibles
 a - 3 meat rations
 c - 2 bread rations


   Skills:
 + Level 2.8 Fighting
 + Level 3.4 Staves
 + Level 2.8 Armour
 * Level 6.6 Dodging
 + Level 5.6 Stealth
 * Level 3.6 Shields
 * Level 7.8 Spellcasting
 * Level 8.2 Conjurations
 + Level 4.6 Hexes
 + Level 3.6 Charms
 + Level 2.2 Translocations


You had one spell level left.
You knew the following spells:

 Your Spells              Type           Power        Failure   Level  Hunger
a - Magic Dart            Conj           ####         1%          1    None
b - Searing Ray           Conj           #####.       1%          2    None
c - Dazzling Spray        Conj/Hex       #####...     1%          3    None
d - Iskenderun's Mystic   Conj           #####...     2%          4    ###....
e - Fulminant Prism       Conj/Hex       #####.....   6%          4    ###....
f - Iskenderun's Battles  Conj/Chrm      #####...     21%         5    #####..
g - Apportation           Tloc           ###.......   2%          1    None
h - Shroud of Golubria    Chrm/Tloc      ###.......   3%          2    None


Dungeon Overview and Level Annotations

Branches:
Dungeon (6/15)             Temple (1/1) D:4

Altars:
Ashenzari
Cheibriados
Dithmenos
Elyvilon
Fedhas
Gozag
Kikubaaqudgha
Makhleb
Nemelex Xobeh
Okawaru
Pakellas
Qazlal
Ru
Sif Muna
Trog
Vehumet
Xom
Yredelemnul
Zin
The Shining One


Innate Abilities, Weirdness & Mutations

You have large cloven feet.
Armour fits poorly on your strangely shaped body.
You are very frail (-20% HP).
Your natural rate of healing is unusually fast.
You are weak. (Str -2)


Message History

Aiming: Magic Dart
Press: ? - help, Shift-Dir - straight line, f/p - cyclops
Aim: a cyclops (moderately wounded)
The magic dart hits the cyclops.
The cyclops is moderately wounded.
The cyclops throws a large rock.
The large rock misses you.
Casting: Magic Dart
Confirm with . or Enter, or press ? or * to list all spells.
Aiming: Magic Dart
Press: ? - help, Shift-Dir - straight line, f/p - cyclops
Aim: a cyclops (moderately wounded)
The magic dart hits the cyclops.
The cyclops is moderately wounded.
Casting: Magic Dart
Confirm with . or Enter, or press ? or * to list all spells.
You can't see any susceptible monsters within range! (Use Z to cast anyway.) Unknown command.
The cyclops throws a large rock.
The large rock hits you!!
Ouch! That really hurt!
You die...

.# #...###.######### .#
#...............# .#
##.############.# .########
##.## #.# ##......###...## #.#
#.......##.....## ####.#
#..PP...###.....## ##.##.#
#..PPP####P......####...#.#
#..P_......C....@._.......#
#..P.P####.......####...#.####
#.......###.....## #....)....#
#.......##.....## #.###))##.#
##......###...#### #.# #.###.#
.#########.......# #.# #.# #.#
....# #.##.#.###.# #.###)###.#
###.# #.##.#.# #.# #....)....#
# #.# #.##.#.###.#######.#####


You could see a cyclops.

Vanquished Creatures
  Pikel (D:6)
  The ghost of asdu the Ruffian, an amateur VSMo of Cheibriados (D:5)
  3 slaves (D:6)
  A black bear (D:6)
  2 ogres (D:4)
  4 necrophages (D:6)
  4 phantoms
  2 centaurs
  Blork the orc (D:6)
  4 giant frogs (D:6)
  A gnoll sergeant (D:6)
  3 scorpions
  A jelly (D:6)
  2 giant frog zombies
  5 crimson imps
  A centaur zombie (D:6)
  Crazy Yiuf (D:3)
  A giant frog skeleton (D:6)
  5 hounds
  A gnoll shaman (D:6)
  3 orc priests
  Jessica (D:3)
  Natasha (thrice) (D:2)
  6 iguanas
  5 worker ants
  7 orc wizards
  A hound zombie (D:6)
  Robin (D:4)
  7 adders
  8 gnolls (D:6)
  An adder zombie (D:5)
  2 worms
  A giant gecko (D:1)
  26 orcs
  2 ball pythons
  4 giant cockroaches
  22 goblins
  7 hobgoblins
  14 jackals
  13 kobolds
  3 quokkas
  8 bats
  A giant cockroach zombie (D:5)
  2 giant gecko zombies (D:6)
  6 giant newts
  2 quokka skeletons (D:4)
  12 rats
  A plant (D:6)
213 creatures vanquished.

Vanquished Creatures (others)
  A slave (D:6)
  A bush (D:6)
  9 plants (D:6)
11 creatures vanquished.

Grand Total: 224 creatures vanquished

Notes
Turn   | Place    | Note
--------------------------------------------------------------
     0 | D:1      | Kidiri the Deep Elf Conjurer began the quest for the Orb.
     0 | D:1      | Reached XP level 1. HP: 10/10 MP: 6/6
    19 | D:1      | Found a shimmering altar of Xom.
   291 | D:1      | Reached XP level 2. HP: 13/15 MP: 1/8
   295 | D:1      | Learned a level 2 spell: Searing Ray
   639 | D:1      | Reached XP level 3. HP: 20/20 MP: 7/10
   644 | D:1      | Learned a level 3 spell: Dazzling Spray
  1772 | D:2      | Found a stormy altar of Qazlal.
  1773 | D:2      | Noticed Natasha
  1779 | D:2      | Killed Natasha
  1779 | D:2      | Reached skill level 1 in Hexes
  1779 | D:2      | Reached XP level 4. HP: 18/24 MP: 0/12
  1872 | D:2      | Learned a level 4 spell: Iskenderun's Mystic Blast
  2066 | D:2      | Noticed Natasha
  2077 | D:2      | Killed Natasha
  2257 | D:2      | Noticed Natasha
  2262 | D:2      | Killed Natasha
  2262 | D:2      | Reached skill level 1 in Armour
  2262 | D:2      | Reached XP level 5. HP: 28/28 MP: 8/13
  2554 | D:3      | Found a faded altar to an unknown god.
  2559 | D:3      | Reached skill level 1 in Fighting
  2559 | D:3      | Reached skill level 5 in Conjurations
  2638 | D:3      | Noticed a phantom
  3014 | D:3      | Killed a phantom
  3131 | D:3      | Found a deep blue altar of Sif Muna.
  3365 | D:3      | Reached XP level 6. HP: 19/34 MP: 0/15
  3387 | D:3      | Learned a level 4 spell: Fulminant Prism
  3925 | D:3      | Found a shattered altar of Ashenzari.
  3936 | D:3      | Found a basalt altar of Yredelemnul.
  3995 | D:3      | Noticed Jessica
  3999 | D:3      | Killed Jessica
  4251 | D:3      | Noticed Crazy Yiuf
  4259 | D:3      | Killed Crazy Yiuf
  4259 | D:3      | Reached skill level 5 in Spellcasting
  4446 | D:3      | Found a glowing silver altar of Zin.
  4676 | D:4      | Found a staircase to the Ecumenical Temple.
  4689 | Temple   | Entered the Ecumenical Temple
  5192 | D:4      | Reached XP level 7. HP: 38/38 MP: 6/16
  5239 | D:3      | Reached skill level 6 in Conjurations
  6006 | D:4      | Found an iron altar of Okawaru.
  6247 | D:4      | Reached skill level 1 in Staves
  6247 | D:4      | Reached skill level 1 in Shields
  6620 | D:4      | Reached skill level 5 in Dodging
  6704 | D:4      | Noticed Robin
  6803 | D:4      | Killed Robin
  6803 | D:4      | Reached XP level 8. HP: 44/44 MP: 10/18
  7154 | D:5      | Entered Level 5 of the Dungeon
  7384 | D:4      | Learned a level 5 spell: Iskenderun's Battlesphere
  7925 | D:5      | Got a dazzling battleaxe
  7926 | D:5      | Identified the +9 battleaxe "Poeg" {speed, MR+} (You found it on level 5 of the Dungeon)
  8003 | D:5      | Reached skill level 1 in Charms
  8006 | D:5      | Noticed asdu's ghost (amateur VSMo)
  8017 | D:4      | Reached skill level 7 in Conjurations
  8453 | D:5      | Learned a level 1 spell: Apportation
  8580 | D:5      | Killed asdu's ghost
  9160 | D:5      | Reached XP level 9. HP: 47/49 MP: 12/21
  9216 | D:6      | Reached skill level 1 in Translocations
  9544 | D:6      | Found a glowing golden altar of the Shining One.
  9815 | D:6      | Learned a level 2 spell: Shroud of Golubria
  9827 | D:6      | Reached skill level 5 in Stealth
  9918 | D:6      | Found a radiant altar of Vehumet.
  9929 | D:6      | Became a worshipper of Vehumet
 10032 | D:6      | Noticed Blork the orc
 10037 | D:6      | Killed Blork the orc
 10408 | D:6      | Gained mutation: You are weak. (Str -2) [potion of mutation]
 10408 | D:6      | Gained mutation: You have large cloven feet. [potion of mutation]
 10429 | D:6      | Noticed Pikel
 10466 | D:6      | Killed Pikel
 10629 | D:6      | Gained mutation: Armour fits poorly on your strangely shaped body. [potion of mutation]
 10629 | D:6      | Gained mutation: You are frail (-10% HP). [potion of mutation]
 10629 | D:6      | Gained mutation: Your natural rate of healing is unusually fast. [potion of mutation]
 10630 | D:6      | Gained mutation: You have a pair of small antennae on your head. [potion of mutation]
 10630 | D:6      | Lost mutation: You have a pair of small antennae on your head. [potion of mutation]
 10630 | D:6      | Gained mutation: You are very frail (-20% HP). [potion of mutation]
 10761 | D:6      | Found a sparkling altar of Nemelex Xobeh.
 10845 | D:6      | Reached skill level 8 in Conjurations
 11173 | D:6      | Found a blossoming altar of Fedhas.
 12166 | D:6      | Noticed a cyclops
 12358 | D:6      | Hit by a large rock thrown by a cyclops

Vault maps used:
D:1:      dpeg_arrival_short_road, minmay_crystal_water,
          hangedman_decor_riveting, xom_teletrap_fun
D:2:      grunt_qazlal_clouds, first_bread, serial_bayou_lagoon_b, uniq_natasha
D:3:      lemuel_crystal_altar, nicolae_overflow_hidden_temple,
          amethyst_overflow_temple_binary, ecumenical_altar_1,
          uniq_crazy_yiuf_cottage, uniq_jessica
D:4:      kennysheep_goblin_castle, lemuel_coloured_pillars_altar,
          minmay_temple_entry_mist
D:5:      minivault_25, st_stairs_4
D:6:      tso_altar, fedhas_altar_decomposition, lemuel_round_altar,
          overflow_temple_1_default, uniq_blork_the_orc, uniq_pikel
Temple:   roderic_octagonal_lattice_temple

Action                   |  1- 3 |  4- 6 |  7- 9 || total
-------------------------+-------+-------+-------++-------
Melee: Short sword       |    16 |     6 |       ||    22
       Dagger            |       |    13 |       ||    13
       Quarterstaff      |       |       |   147 ||   147
Throw: Throwing net      |       |       |     1 ||     1
 Cast: Magic Dart        |    85 |   119 |   316 ||   520
       Dazzling Spray    |     2 |    18 |    83 ||   103
       Searing Ray       |       |       |     1 ||     1
  Use: Scroll            |       |    14 |     3 ||    17
       Potion            |       |       |     6 ||     6
 Stab: Sleeping          |       |       |     1 ||     1
       Invisible         |       |       |     1 ||     1
       Held in net/web   |       |       |     1 ||     1
  Eat: Chunk             |     3 |     5 |     6 ||    14
       Meat ration       |       |     1 |       ||     1
       Pizza             |       |     1 |       ||     1
       Fruit             |       |       |     8 ||     8
       Bread ration      |       |       |     2 ||     2
